 Dungeon Crawl Stone Soup version 0.31-a0-771-g505c3d19dc (webtiles) character file.

Game seed: 11846126226051344260

8 cforsyth the Sneak (level 2, -1/25 HPs)
             Began as a Djinni Delver on Sept 16, 2023.
             Slain by Prince Ribbit (10 damage)
             ... on level 5 of the Dungeon.
             The game lasted 00:00:14 (148 turns).

cforsyth the Sneak (Djinni Delver)                   Turns: 148, Time: 00:00:14

Health: -1/25      AC:  3    Str: 11    XL:     2   Next: 15%
Gold:   20         EV: 12    Int: 11    God:
                   SH:  0    Dex: 14

rFire   + + .        a - +0 falchion
rCold   x . .        (no shield)
rNeg    . . .        b - +0 leather armour
rPois   ∞            (no helmet)
rElec   .            (no cloak)
rCorr   .            (no gloves)
SInv    .            (boots unavailable)
Will    .....        (no amulet)
Stlth   ++           (no ring)
HPRegen 0.24/turn    (no ring)
MPRegen 0.00/turn

%: infuse magic (-2 HP)
@: flying
A: sickness immunity, fire resistance 2, cold vulnerability 1, float, innate
caster, HP casting, extra vitality 1
a: no special abilities


You were on level 5 of the Dungeon.
You visited 1 branch of the dungeon, and saw 1 of its levels.

You collected 20 gold pieces.

Inventory:

Hand Weapons
 a - a +0 falchion (weapon)
Armour
 b - a +0 leather armour (worn)
Wands
 g - a wand of digging (3)
Scrolls
 c - a scroll of fog
 d - a scroll of revelation
 e - a scroll of fear
Potions
 f - 2 potions of haste


   Skills:
 + Level 3.2 Fighting
 - Level 1.7 Long Blades
 - Level 2.1 Dodging
 - Level 4.1 Stealth
 + Level 0.5 Spellcasting
 + Level 0.5 Conjurations
 + Level 0.5 Hexes
   Level 0.0 Charms
 + Level 0.5 Summonings
 + Level 0.5 Necromancy
 + Level 0.5 Translocations
 + Level 0.5 Transmutations
 + Level 0.5 Fire Magic
 + Level 0.5 Ice Magic
 + Level 0.5 Air Magic
 + Level 0.5 Earth Magic
 + Level 0.5 Poison Magic You didn't know any spells. Your spell library was empty.

Dungeon Overview and Level Annotations

Branches:
Dungeon (5/15)
 Temple: D:4-7

Altars:

Annotations:
D:5 Prince Ribbit


Innate Abilities, Weirdness & Mutations

You are immune to sickness and miasma.
You are immune to poison.
Your flesh is very heat resistant. (rF++)
You are vulnerable to cold. (rC-)
You float through the air rather than walking.
You learn spells naturally, not from books.
Your magical power is your life essence.
You have superior vitality. (+4 MHP)


Message History

An orc is nearby!
The orc shouts!
You hear a croak.
Prince Ribbit comes into view.
Prince Ribbit blinks!
Prince Ribbit moves out of view.
A hound comes into view.
Found an ivory ring.
Found a stone staircase leading up.
You hit the orc but do no damage. The orc hits you but does no damage.
You closely miss the orc.
The hound barks!
Prince Ribbit lets out a mournful croak.
The orc hits you with a +0 dagger.
You hit the orc.
The orc is moderately wounded.
The orc misses you.
Prince Ribbit blinks!
You closely miss the orc.
The orc is moderately wounded.
The orc hits you with a +0 dagger. The orc barely misses you.
You hit the orc.
The orc is severely wounded.
The hound barely misses you.
Prince Ribbit blinks!
The orc hits you but does no damage. The hound barely misses you.
You barely miss the orc.
The orc is severely wounded.
Prince Ribbit blinks!
The hound completely misses you. The orc hits you with a +0 dagger.
You closely miss the orc.
The orc is severely wounded.
The hound bites you. x2; The orc hits you with a +0 dagger.
You are too injured to fight recklessly!
You are too injured to fight recklessly!
You are too injured to fight recklessly!
Prince Ribbit barely misses you. The hound bites you.
The hound attacks as it pursues you! The hound completely misses you.
Prince Ribbit barely misses you. The hound attacks as it pursues you!
The hound bites you but does no damage. The hound barely misses you.
Prince Ribbit attacks as he pursues you!
Prince Ribbit barely misses you.
The orc throws a boomerang.
The boomerang barely misses you. Prince Ribbit hits you!
You die...

............# ...
..........####...
#.............
+...........#
#...........#
##...........#
.........oh....#
....######.F...#
..... #.@...#
<... ###...# ....
##..##+##
###....# #....#
+....# #....#
##'### #..#


You could see Prince Ribbit, a hound and an orc.

Vanquished Creatures
  A shadow imp (D:5)
1 creature vanquished.

Notes
Turn   | Place    | Note
-------+----------+-------------------------------------------
     0 | D:5      | cforsyth the Djinni Delver began the quest for the Orb.
     0 | D:5      | Reached XP level 1. HP: 20/20 MP: 0/0
    38 | D:5      | Reached XP level 2. HP: 8/25 MP: 0/0
   134 | D:5      | Noticed Prince Ribbit
   148 | D:5      | Slain by Prince Ribbit

Illustrated notes

Levels and vault maps discovered:
D:5:      layout_gridville, kennysheep_mini_moat,
          minmay_temple_entry_enclosed_plants, hangedman_abyss_or_decor_stagger,
          uniq_prince_ribbit1, uniq_menkaure

Action                     || total
---------------------------++-------
  Melee: Falchion          ||    25
 Armour: Leather armour    ||    19
  Dodge: Dodged            ||    23

Table legend: (Time is in decaauts)
 A = Elapsed time spent in this place.
 B = Non-inter-level travel time spent in this place.
 C = Inter-level travel time spent in this place.
 D = Time resting spent in this place.
 E = Time spent auto-exploring this place.
 F = Levels seen in this place.
 G = Mean time per level.
                   A        B        C        D        E       F      G
               +--------+--------+--------+--------+--------+-----+--------+
         Total |    153 |    153 |      0 |      0 |    114 |   1 |  153.0 |
       Dungeon |    153 |    153 |      0 |      0 |    114 |   1 |  153.0 |
               +--------+--------+--------+--------+--------+-----+--------+

Top non-repeatable levels by time:
     D:5: 153 daAuts
